 Dungeon Crawl Stone Soup version 0.18-a0-1788-g92de1ac (webtiles) character file.

86 Sixotanaka the Conjurer (level 4, -2/30 HPs)
             Began as a Human Conjurer on Apr 20, 2016.
             Slain by a worker ant (3 damage)
             ... on level 3 of the Dungeon.
             The game lasted 00:06:14 (2407 turns).

Sixotanaka the Conjurer (Human Conjurer)            Turns: 2407, Time: 00:06:16

Health: -2/30      AC:  4    Str:  8    XL:     4   Next: 77%
Magic:  0/7        EV: 12    Int: 16    God:
Gold:   50         SH:  0    Dex: 14    Spells: 1 memorised, 6 levels left

rFire  + . .     SeeInvis .     o - +0 dagger
rCold  . . .     Gourm    .     a - +0 robe
rNeg   . . .     Faith    .     (no shield)
rPois  .         Spirit   .     (no helmet)
rElec  .         Dismiss  .     (no cloak)
rCorr  .         Reflect  .     i - +0 pair of gloves
SustAt .         Harm     .     (no boots)
MR     .....                    (no amulet)
Stlth  ++........               (no ring)
                                d - ring of protection from fire

@: lethally poisoned (-2 -> -6), not resistant to hostile enchantments,
unstealthy
A: icy blue scales 1, high mp 1, screaming 1
a: no special abilities


You were on level 3 of the Dungeon.
You were not hungry.

You visited 1 branch of the dungeon, and saw 3 of its levels.

You collected 50 gold pieces.


Innate Abilities, Weirdness & Mutations

You are partially covered in icy blue scales (AC +1).
You have an increased reservoir of magic (+10% MP).
You occasionally shout uncontrollably at your foes.


   Skills:
 - Level 2.0 Dodging
 - Level 2.0 Stealth
 - Level 2.0 Spellcasting
 + Level 5.8 Conjurations


You had 6 spell levels left.
You knew the following spells:

 Your Spells              Type           Power        Failure   Level  Hunger
z - Magic Dart            Conj           ###.         1%          1    #......


Dungeon Overview and Level Annotations

Branches:
Dungeon (3/15)

Altars:

Annotations:
D:2 Robin, Sigmund

Inventory:

Hand Weapons
 o - a +0 dagger (weapon)
Armour
 a - a +0 robe (worn)
 i - a +0 pair of gloves (worn)
Jewellery
 d - a ring of protection from fire (left hand)
Scrolls
 e - a scroll of identify {unknown}
 j - a scroll of noise {unknown}
 m - a scroll of amnesia {unknown}
 n - a scroll of immolation {unknown}
Books
 b - a book of Conjurations
Comestibles
 c - a bread ration
 f - 2 meat rations
 l - 2 chunks of flesh

### ..# ... ...
#.# #.# #.# #.#
#a# #.# #.# #K#
#.# #@#
..#####.#####a#
.......<.a....#
...####.#######
#.# #.# #†# #.#
#.#


You could see a worker ant and a kobold.


Message History

The kobold hits you but does no damage.
You hit the worker ant.
The worker ant bites you but does no damage.
The kobold misses you.
Casting: Magic Dart
Aiming: Magic Dart
Aim: a worker ant (heavily wounded)
The magic dart hits the worker ant.
The worker ant bites you but does no damage.
The kobold barely misses you.
Wield which item (- for none, * to show all)? (? for menu, Esc to quit)
Okay, then.
Drink which item? (? for menu, Esc to quit)
Okay, then.
You closely miss the worker ant. The worker ant closely misses you.
The worker ant bites you!
* * * LOW HITPOINT WARNING * * *
The kobold barely misses you.
You barely miss the worker ant. The worker ant bites you.
* * * LOW HITPOINT WARNING * * *
You are poisoned.
The worker ant poisons you! The kobold misses you.
You hit the worker ant but do no damage.
You feel sick. The worker ant barely misses you. The kobold misses you.
Unknown command.
You barely miss the worker ant.
You feel sick. The worker ant closely misses you.
The kobold hits you with a short sword.
* * * LOW HITPOINT WARNING * * *
Drink which item? (? for menu, Esc to quit)
It was a potion of lignification.
You turn into a tree.
Your +0 pair of gloves melds into your body.
Your +0 robe melds into your body.
Your roots penetrate the ground.
You feel sick.
The worker ant bites you but does no damage.
The kobold hits you but does no damage.
Drink which item? (? for menu, Esc to quit)
It was a potion of mutation.
You feel extremely strange.
You feel more energetic.
Icy blue scales grow over part of your body.
You feel the urge to shout. The worker ant bites you.
* * * LOW HITPOINT WARNING * * *
The worker ant bites you but does no damage.
The kobold hits you but does no damage.
Drink which item? (? for menu, Esc to quit)
It was a potion of agility.
You feel agile all of a sudden.
* * * LOW HITPOINT WARNING * * *
You feel sick.
The worker ant bites you but does no damage.
The kobold hits you but does no damage.
Drink which item? (? for menu, Esc to quit)
It was a potion of cancellation.
Your magical effects are unravelling.
You feel magically purged.
You feel a little less agile now.
The worker ant bites you but does no damage.
The kobold hits you but does no damage.
Casting: Magic Dart
Aiming: Magic Dart
Aim: a worker ant (heavily wounded)
The magic dart hits the worker ant.
You feel less woody.
Your +0 pair of gloves unmelds from your body.
Your +0 robe unmelds from your body.
* * * LOW HITPOINT WARNING * * *
You feel sick.
The worker ant waves its antennae.
The worker ant bites you.
You die...

Action                   |  1- 3 |  4- 6 || total
-------------------------+-------+-------++-------
Melee: Unarmed           |     2 |       ||     2
       Dagger            |     5 |    14 ||    19
 Cast: Magic Dart        |    96 |    47 ||   143
  Use: Potion            |       |     4 ||     4
  Eat: Chunk             |     4 |     3 ||     7
Armor: Robe              |     4 |     4 ||     8
       Skin              |       |     6 ||     6
Dodge: Dodged            |    25 |    17 ||    42

Vault maps used:
D:1:      dpeg_arrival_solitude
D:2:      first_bread, uniq_crazy_yiuf_cottage, uniq_sigmund, uniq_robin
D:3:      nicolae_overflow_hidden_temple, nicolae_tso_carved_into_rock

Notes
Turn   | Place    | Note
--------------------------------------------------------------
     0 | D:1      | Sixotanaka the Human Conjurer began the quest for the Orb.
     0 | D:1      | Reached XP level 1. HP: 13/13 MP: 3/3
   339 | D:1      | Reached XP level 2. HP: 19/19 MP: 0/5
   768 | D:1      | Reached XP level 3. HP: 24/24 MP: 0/6
  1212 | D:1      | Reached skill level 5 in Conjurations
  1424 | D:2      | Noticed Sigmund
  1846 | D:2      | Reached XP level 4. HP: 26/30 MP: 0/7
  2336 | D:2      | Noticed Robin
  2402 | D:3      | HP: 5/30 [kobold/short sword (3)]
  2404 | D:3      | Gained mutation: You have an increased reservoir of magic (+10% MP). [potion of mutation]
  2404 | D:3      | Gained mutation: You are partially covered in icy blue scales (AC +1). [potion of mutation]
  2404 | D:3      | Gained mutation: You occasionally shout uncontrollably at your foes. [potion of mutation]
  2407 | D:3      | HP: 1/30 [poisoned by a worker ant]
  2407 | D:3      | Slain by a worker ant

Vanquished Creatures
  An adder (D:2)
  An ooze (D:1)
  A worm (D:2)
  2 dart slugs (D:1)
  2 giant geckos
  5 bats (D:1)
  3 giant cockroaches
  4 hobgoblins
  10 jackals (D:2)
  A quokka (D:2)
  4 giant newts
  12 goblins
  10 kobolds
  3 rats
59 creatures vanquished.
